 Dungeon Crawl Stone Soup version 0.21-a0-442-g848f44b3bc (webtiles) character file.

166 Weeeee the Vexing (level 5, -8/24 HPs)
             Began as a Spriggan Enchanter on Nov 18, 2017.
             Mangled by Crazy Yiuf
             ... wielding a +4 quarterstaff of chaos
              (14 damage)
             ... on level 2 of the Dungeon.
             The game lasted 00:07:13 (3511 turns).

Weeeee the Vexing (Spriggan Enchanter)              Turns: 3511, Time: 00:07:15

Health: -8/24      AC:  2    Str:  4    XL:     5   Next: 22%
Magic:  2/13       EV: 18    Int: 18    God:
Gold:   145        SH:  0    Dex: 16    Spells: 2/14 levels left

rFire    . . .     SeeInvis +   a - +1 dagger
rCold    . . .     Gourm    .   (shield restricted)
rNeg     . . .     Faith    .   b - +0 robe
rPois    .         Spirit   .   (helmet restricted)
rElec    .         Reflect  .   (no cloak)
rCorr    .         Harm     .   (gloves unavailable)
MR       .....                  (boots unavailable)
Stlth    +++.......             (no amulet)
HPRegen  0.08/turn              (no ring)
MPRegen  0.13/turn              (no ring)

@: very slightly contaminated, drained, very quick
A: unfitting armour, see invisible, herbivore 3, speed 3, slow metabolism 2
a: no special abilities


You were on level 2 of the Dungeon.
You were not hungry.

You visited 1 branch of the dungeon, and saw 3 of its levels.

You collected 145 gold pieces.

Inventory:

Hand Weapons
 a - a +1 dagger (weapon)
Armour
 b - a +0 robe (worn)
Jewellery
 f - an uncursed ring of fire
Potions
 d - a potion of curing
 e - a potion of brilliance {unknown}
 g - 2 potions of cancellation
 j - a potion of invisibility {unknown}
 k - a potion of ambrosia {unknown}
Books
 h - a book of Conjurations

   Spells                             Type                      Level
   a - Magic Dart                     Conjuration                  1
   b - Searing Ray                    Conjuration                  2
   c - Dazzling Spray                 Conjuration/Hexes            3
   d - Fulminant Prism                Conjuration/Hexes            4
   e - Force Lance                    Conjuration/Translocation    4
   f - Iskenderun's Mystic Blast      Conjuration                  4
Comestibles
 i - 3 fruits
 l - a bread ration


   Skills:
 - Level 1.1(0.8) Short Blades
 - Level 3.0(2.6) Dodging
 - Level 4.4(4.0) Stealth
 + Level 5.1(4.8) Spellcasting
 + Level 5.7(5.3) Hexes


You had 2 spell levels left.
You knew the following spells:

 Your Spells              Type           Power        Failure   Level  Hunger
a - Ensorcelled Hibernat  Hex/Ice        ##....       7%          2    #......
b - Corona                Hex            ###....      1%          1    None
c - Confuse               Hex            ###.....     4%          3    ###....
d - Tukima's Dance        Hex            ###.....     4%          3    ###....
e - Dazzling Spray        Conj/Hex       ##....       14%         3    ###....


Dungeon Overview and Level Annotations

Branches:
Dungeon (3/15)

Altars:
Ashenzari

Annotations:
D:2 Crazy Yiuf


Innate Abilities, Weirdness & Mutations

You are very small and have problems with some larger weapons.
You are too small for most types of armour.
You have supernaturally acute eyesight. (SInv)
You are a herbivore.
You cover ground extremely quickly.
You need consume almost no food.


Message History

Crazy Yiuf is almost dead.
Crazy Yiuf whimpers, "Gnoll!
Shower toodlewoodle spinner."
Crazy Yiuf misses you.
You barely miss Crazy Yiuf.
Crazy Yiuf is almost dead.
Crazy Yiuf hits you with a quarterstaff of chaos.
* * * LOW HITPOINT WARNING * * *
Crazy Yiuf burns you.
* * * LOW HITPOINT WARNING * * *
You hit Crazy Yiuf but do no damage.
Crazy Yiuf is almost dead.
Crazy Yiuf whimpers, "Goober shoe horse!"
Crazy Yiuf completely misses you.
You hit Crazy Yiuf.
Crazy Yiuf is almost dead.
Crazy Yiuf is no longer blind.
Crazy Yiuf says, "Ice high senile!"
Crazy Yiuf hits you with a quarterstaff of chaos!
Ouch! That really hurt!
You die...

#.##...##...#.###..##
#...........#'##...##
###....####.......###
#....# #........ .
♣....♣ #.....#.# .
♣)..♣♣ #.....#..
♣♣)♣♣ #........ ♣)♣♣
#.....# ♣♣@♣ #.....#
. ♣g♣♣ #)#######..
♣♣)♣ #.#........
##'## #.#.....##
#)))# #........#
#)))# #........#
#).)# #.<......#
##### ###.....##
......+


You could see Crazy Yiuf.

Vanquished Creatures
  A centaur skeleton (D:3)
  7 adders
  An ooze (D:2)
  2 worms
  2 dart slugs
  The ghost of Benedicte the Sneak, a weakling SpEn (D:3)
  A leopard gecko (D:1)
  3 orcs (D:3)
  2 giant cockroaches
  2 hobgoblins (D:3)
  11 jackals
  6 kobolds
  3 bats
  3 frilled lizards
  6 goblins
  4 rats (D:1)
55 creatures vanquished.

Vanquished Creatures (collateral kills)
  An orc (D:3)
1 creature vanquished.

Grand Total: 56 creatures vanquished

Notes
Turn   | Place    | Note
-------+----------+-------------------------------------------
     0 | D:1      | Weeeee the Spriggan Enchanter began the quest for the Orb.
     0 | D:1      | Reached XP level 1. HP: 9/9 MP: 5/5
   489 | D:1      | Reached XP level 2. HP: 11/13 MP: 5/7
   685 | D:1      | Learned a level 2 spell: Ensorcelled Hibernation
   927 | D:2      | Reached XP level 3. HP: 16/16 MP: 6/9
   932 | D:2      | Learned a level 3 spell: Confuse
   936 | D:2      | Learned a level 3 spell: Tukima's Dance
  1379 | D:3      | Noticed Benedicte's ghost (weakling SpEn)
  1456 | D:3      | Reached XP level 4. HP: 20/21 MP: 6/11
  1525 | D:3      | Reached skill level 5 in Hexes
  2183 | D:3      | Found a shattered altar of Ashenzari.
  2207 | D:3      | Killed Benedicte's ghost
  2207 | D:3      | Reached XP level 5. HP: 24/24 MP: 5/13
  2937 | D:3      | Reached skill level 5 in Spellcasting
  3293 | D:2      | Learned a level 3 spell: Dazzling Spray
  3463 | D:2      | Found a runed door.
  3490 | D:2      | Noticed Crazy Yiuf
  3511 | D:2      | Mangled by Crazy Yiuf

Vault maps used:
D:1:      saegor_arrival_simple_e
D:2:      old_standard_altar, nicolae_ru_the_path_less_chosen,
          uniq_crazy_yiuf_cottage
D:3:      cheibrodos_ashenzari_chains, minmay_misc_feat_square, st_stairs_11,
          roderic_nine_men_s_morris

Skill      XL: |  1  2  3  4  5 |
---------------+----------------+-----
Spellcasting   | 3 4 5 |  5.1
Hexes          | 4 5 |  5.7
Short Blades   | |  1.1
Dodging        | |  3.0
Stealth        | |  4.4

Action                   |  1- 3 |  4- 6 || total
-------------------------+-------+-------++-------
Melee: Dagger            |   119 |   114 ||   233
 Cast: Corona            |     6 |     1 ||     7
       Ensorcelled Hiber |    20 |    19 ||    39
       Confuse           |       |     2 ||     2
       Dazzling Spray    |       |     4 ||     4
       Tukima's Dance    |       |     1 ||     1
  Use: Scroll            |     1 |     5 ||     6
       Potion            |     1 |       ||     1
 Stab: Sleeping          |    12 |    16 ||    28
       Distracted        |       |     1 ||     1
       Confused          |       |     1 ||     1
       Invisible         |       |     1 ||     1
  Eat: Bread ration      |       |     1 ||     1
Armor: Robe              |     6 |     8 ||    14
Dodge: Dodged            |   117 |   102 ||   219

Table legend:
 A = Spawn XP
 B = Non-spawn XP
 C = Spawn XP percentage of total XP
 D = Spawn monster count
 E = Non-spawn monster count
 F = Spawn count percentage of total count
 G = Total turns spent on level
                    A         B        C        D         E        F      G
               +---------+---------+-------+---------+---------+-------+---------
         Total |       0 |     238 |   0.0 |       0 |      56 |   0.0 |  3511
               +---------+---------+-------+---------+---------+-------+---------
           D:1 |       0 |      25 |   0.0 |       0 |      15 |   0.0 |   728
           D:2 |       0 |      64 |   0.0 |       0 |      17 |   0.0 |   795
           D:3 |       0 |     149 |   0.0 |       0 |      24 |   0.0 |  1988
               +---------+---------+-------+---------+---------+-------+---------
